 Dungeon Crawl Stone Soup version 0.29-a0-409-gd843f3a48c (webtiles) character file.

Game seed: 4298384911992725894

5257 jlumianski the Slicer (level 10, -2/74 HPs)
             Began as a Demonspawn Fighter on May 13, 2022.
             Was a Believer of Wu Jian.
             Slain by an unseen horror (6 damage)
             ... on level 8 of the Dungeon.
             The game lasted 00:38:29 (9515 turns).

jlumianski the Slicer (Demonspawn Fighter)          Turns: 9515, Time: 00:38:29

Health: -2/74      AC: 18    Str: 21    XL:     10   Next: 36%
Magic:  0/10       EV:  8    Int:  9    God:    Wu Jian [**....]
Gold:   215        SH:  5    Dex: 13    Spells: 9/9 levels left

rFire   + . .      SeeInvis .   m - +5 short sword (spect)
rCold   . . .      Faith    .   c - +0 buckler
rNeg    . . .      Spirit   +   G - +2 chain mail {rF+}
rPois   .          Reflect  .   (helmet unavailable)
rElec   .          Harm     .   (no cloak)
rCorr   +          Rampage  .   A - +2 pair of gloves
Will    .....                   (no boots)
Stlth   ..........              y - amulet of guardian spirit
HPRegen 0.22/turn               w - ring of resist corrosion
MPRegen 0.12/turn               (no ring)

@: invisible
A: horns 3, thin metallic scales 2, powered by death 2
a: Renounce Religion, Wall Jump


You were on level 8 of the Dungeon.
You worshipped Wu Jian.
Wu Jian was pleased with you.
You visited 2 branches of the dungeon, and saw 10 of its levels.
You also visited: Sewer.

You collected 407 gold pieces.
You spent 192 gold pieces at shops.

Inventory:

Hand Weapons
 a - a +0 war axe
 m - a +5 spectral short sword (weapon)
 F - a +4 vorpal flail
 I - a +0 broad axe
 J - a +2 hunting sling of flaming
 M - a +3 trident of protection
 P - a +4 scimitar of flaming
 Q - a +1 scimitar of flaming
Missiles
 f - 3 boomerangs
 g - 347 stones
 l - 3 atropa-tipped darts
 o - 22 poisoned darts (quivered)
 N - 5 datura-tipped darts
Armour
 b - a +0 scale mail
 c - a +0 buckler (worn)
 k - a +0 chain mail
 t - a +0 troll leather armour {Pargi}
 A - a +2 pair of gloves (worn)
 G - a +2 chain mail of fire resistance (worn)
Magical Staves
 C - a staff of poison
Jewellery
 w - a ring of resist corrosion (left hand)
 y - an amulet of guardian spirit (around neck)
Wands
 H - a wand of iceblast (8)
 O - a wand of flame (2)
Scrolls
 e - 6 scrolls of magic mapping
 n - a scroll of summoning
 q - a scroll of teleportation
 x - 3 scrolls of poison
 z - 2 scrolls of fear
 B - 2 scrolls of noise {unknown}
 L - a scroll of amnesia
 S - a scroll of immolation {unknown}
Potions
 d - 2 potions of might
 h - 3 potions of brilliance
 j - 5 potions of curing
 p - 4 potions of ambrosia
 r - 3 potions of heal wounds
 s - 2 potions of cancellation
 u - 3 potions of haste
 v - a potion of invisibility
 D - 2 potions of lignification
 E - a potion of attraction
 K - a potion of flight {unknown}
 R - 2 potions of berserk rage {unknown}


   Skills:
 + Level 5.3 Fighting
 * Level 8.7 Short Blades
 - Level 2.2 Axes
 + Level 1.7 Throwing
 + Level 7.1 Armour
 + Level 2.9 Dodging
 + Level 2.2 Stealth
 + Level 5.0 Shields
 * Level 4.9 Evocations


You had 9 spell levels left.
You didn't know any spells.
Your spell library contained the following spells:

 Spells                   Type           Power      Damage    Failure   Level
 Sandblast                Erth           0%         2d4       99%         1
 Corpse Rot               Necr/Air       0%         N/A       99%         2
 Passwall                 Tmut/Erth      0%         N/A       99%         2
 Poisonous Vapours        Pois/Air       0%         N/A       99%         2
 Static Discharge         Conj/Air       0%         N/A       99%         2
 Stone Arrow              Conj/Erth      0%         3d7       100%        3
 Cause Fear               Hex            0%         N/A       100%        4
 Lightning Bolt           Conj/Air       0%         1d11      100%        5
 Dragon Form              Tmut           0%         N/A       100%        7
 Lehudib's Crystal Spear  Conj/Erth      0%         10d2      100%        8
 Maxwell's Capacitive Co  Air            0%         ∞         100%        8
 Chain Lightning          Conj/Air       0%         N/A       100%        9
 Dragon's Call            Summ           0%         N/A       100%        9


Dungeon Overview and Level Annotations

Branches:
Dungeon (9/15)             Temple (1/1) D:5           Sewer (visited)
   Lair: D:8-11         Orc: D:9-12

Altars:
Ashenzari
Cheibriados
Dithmenos
Elyvilon
Fedhas
Hepliaklqana
Kikubaaqudgha
Makhleb
Nemelex Xobeh
Okawaru
Qazlal
Ru
Sif Muna
Uskayaw
Wu Jian
Yredelemnul
Zin
The Shining One

Shops:
D:2 ?   D:6 ?   D:8 *


Innate Abilities, Weirdness & Mutations

You have a pair of large horns on your head.
You are mostly covered in thin metallic scales. (AC +3)
You regenerate health from kills.


Message History

The skeletal warrior misses your +5 spectral short sword.
The skeletal warrior hits your +5 spectral short sword with a +0 dire flail!!
Your spectral weapon shares its damage with you!
* * * LOW HITPOINT WARNING * * *
You closely miss the skeletal warrior.
You headbutt the skeletal warrior, but do no damage.
The skeletal warrior is severely damaged.
Your +5 spectral short sword hits the skeletal warrior but does no damage.
You hit the skeletal warrior but do no damage.
You headbutt the skeletal warrior.
The skeletal warrior is severely damaged.
Your +5 spectral short sword hits the skeletal warrior.
The skeletal warrior closely misses you.
Blink to where?
Press: ? - help, Dir - move target
As you read the scroll of blinking, it crumbles to dust.
Okay, then.
Unknown command.
You fade into invisibility!
Something hits you but does no damage.
Aiming: Iceblast
Press: ? - help, Shift-Dir - straight line, f - skeletal warrior
Aim: a skeletal warrior, wielding a +0 dire flail and wearing a +0 ring mail (almost destroyed, can't see you)
The mass of ice explodes!
The iceblast engulfs the skeletal warrior!
The skeletal warrior partially resists.
The skeletal warrior is almost destroyed.
Something hits you but does no damage.
Aiming: Iceblast
Press: ? - help, Shift-Dir - straight line, f/p - skeletal warrior
Aim: a skeletal warrior, wielding a +0 dire flail and wearing a +0 ring mail (almost destroyed, can't see you)
The mass of ice explodes!
The iceblast engulfs the skeletal warrior.
The skeletal warrior is almost destroyed.
Something hits you but does no damage. Something hits you but does no damage.
You barely miss something.
Your +5 spectral short sword hits something.
Something hits you!
You die...

###.#..........#.#####.#####.#
#....#########.# #.# ###.>#
#.# #.# # ###..# #.. #.#
###....# ##. #.#
##..#..####### .# ..#
#.)........... .. ...
#.###################
..#)........###.@z..##
..#.###.###.##.)(....## .)#.#
#.# #.#..)#.#...#
#.#.###.###(#..##.##..#
#.[.........)....#....#
..#.###.###.#..##.##(.# ..#.#
#.# #.#...#.#...#
#.#.###.###.##.(.....##
#.#.........###.....##


You could see a skeletal warrior (can't see you) and a friendly +5 spectral
short sword (summoned).

Vanquished Creatures
  Erica (D:8)
  A deep elf pyromancer (D:8)
  2 cyclopes (D:8)
  A manticore (D:8)
  An efreet (D:8)
  A yaktaur (shapeshifter) (D:8)
  A troll (D:7)
  Sigmund (D:3)
  4 yaks (D:6)
  A basilisk (D:8)
  A steam dragon (D:7)
  Edmund (D:6)
  Pargi (Sewer)
  An orc warrior (D:7)
  3 sky beasts
  The ghost of YayAnonymity the Chopper, an amateur HOFi (D:3)
  A black bear (D:5)
  3 ogres
  2 centaurs (D:8)
  2 phantoms (D:7)
  A gnoll sergeant (D:8)
  2 kobold brigands
  A necrophage (D:5)
  5 bullfrogs
  2 scorpions (D:5)
  A wight (D:7)
  6 howler monkeys
  2 jellies (D:6)
  A gnoll shaman (D:6)
  5 orc priests
  8 hounds
  2 iguanas
  8 orc wizards
  9 gnolls
  4 adders
  2 shadow imps
  A white imp (D:7)
  An ufetubus (D:5)
  3 worms
  3 dart slugs
  26 orcs
  4 endoplasms
  3 giant cockroaches (D:1)
  4 hobgoblins
  3 jackals (D:1)
  3 quokkas
  16 ball pythons
  9 bats
  3 frilled lizards
  6 goblins
  12 kobolds
  5 rats
191 creatures vanquished.

Vanquished Creatures (others)
  A wyvern (D:8)
1 creature vanquished.

Grand Total: 192 creatures vanquished

Notes
Turn   | Place    | Note
-------+----------+-------------------------------------------
     0 | D:1      | jlumianski the Demonspawn Fighter began the quest for the
                  | Orb.
     0 | D:1      | Reached XP level 1. HP: 18/18 MP: 1/1
   274 | D:1      | Gained mutation: You have a pair of small horns on your
                  | head. [demonic ancestry]
   274 | D:1      | Reached XP level 2. HP: 18/24 MP: 2/2
   946 | D:3      | Reached XP level 3. HP: 29/29 MP: 3/3
  1103 | D:4      | Reached skill level 1 in Short Blades
  1103 | D:4      | Reached XP level 4. HP: 20/35 MP: 4/4
  1338 | D:4      | Found a glowing drain.
  1369 | Sewer    | Entered a sewer
  1410 | Sewer    | Noticed Pargi
  1417 | Sewer    | Killed Pargi
  1418 | Sewer    | Reached skill level 2 in Short Blades
  1418 | Sewer    | Reached skill level 1 in Dodging
  1418 | Sewer    | Gained mutation: You are partially covered in thin metallic
                  | scales. (AC +2) [demonic ancestry]
  1418 | Sewer    | Reached XP level 5. HP: 41/41 MP: 5/5
  2289 | D:1      | You fall into a shaft and drop 1 floor!
  2364 | D:2      | Found Uwemo's Magic Scroll Shoppe.
  2373 | D:2      | Bought a scroll of identify for 26 gold pieces
  2373 | D:2      | Bought a scroll of identify for 26 gold pieces
  2680 | D:2      | Gained mutation: You are mostly covered in thin metallic
                  | scales. (AC +3) [demonic ancestry]
  2680 | D:2      | Reached XP level 6. HP: 47/47 MP: 6/6
  2862 | D:2      | Reached skill level 3 in Short Blades
  3263 | D:3      | Noticed Sigmund
  3285 | D:3      | Killed Sigmund
  3378 | D:3      | Found a runed translucent door.
  3386 | D:3      | Noticed YayAnonymity's ghost (amateur HOFi)
  3572 | D:3      | Found a faded altar of an unknown god.
  4197 | D:3      | Killed YayAnonymity's ghost
  4198 | D:3      | Reached skill level 4 in Short Blades
  4198 | D:3      | Gained mutation: You regenerate a little health from kills.
                  | [demonic ancestry]
  4198 | D:3      | Reached XP level 7. HP: 42/53 MP: 7/7
  4310 | D:5      | Entered Level 5 of the Dungeon
  4436 | D:5      | Reached skill level 1 in Stealth
  4518 | D:5      | Reached skill level 1 in Throwing
  4585 | D:5      | Reached skill level 5 in Short Blades
  4588 | D:5      | Gained mutation: You regenerate health from kills. [demonic
                  | ancestry]
  4588 | D:5      | Reached XP level 8. HP: 60/60 MP: 8/8
  4730 | D:5      | Found a basalt altar of Yredelemnul.
  5016 | D:5      | Found a staircase to the Ecumenical Temple.
  5025 | Temple   | Entered the Ecumenical Temple
  5112 | Temple   | Became a worshipper of Hepliaklqana the Forgotten
  5374 | D:6      | Found an ornate altar of the Wu Jian Council.
  5395 | D:6      | Fell from the grace of Hepliaklqana
  5395 | D:6      | Became a worshipper of the Wu Jian Council
  5513 | D:6      | Found a shimmering blue altar of Sif Muna.
  5864 | D:6      | Found Posynly's Magic Scroll Emporium.
  5870 | D:6      | Noticed Edmund
  5886 | D:6      | Killed Edmund
  7170 | D:7      | Noticed a troll
  7202 | D:7      | Killed a troll
  7228 | D:7      | Reached * piety under Wu Jian
  7339 | D:7      | Was forgiven by Hepliaklqana
  7403 | D:7      | Reached skill level 6 in Short Blades
  7403 | D:7      | Reached skill level 5 in Armour
  7576 | D:7      | Reached skill level 1 in Evocations
  7924 | D:8      | Found Xereugil's Elemental Accessories.
  7931 | D:8      | Bought a wand of iceblast (6) for 140 gold pieces
  8040 | D:8      | Noticed Erica
  8067 | D:8      | Reached ** piety under Wu Jian
  8162 | D:8      | Gained mutation: You have a pair of horns on your head.
                  | [demonic ancestry]
  8162 | D:8      | Reached XP level 9. HP: 62/66 MP: 7/9
  8248 | D:8      | Reached skill level 7 in Short Blades
  8277 | D:8      | Killed Erica
  8374 | D:8      | Noticed a manticore
  8383 | D:8      | Killed a manticore
  8595 | D:8      | Noticed a cyclops
  8610 | D:8      | Noticed a yaktaur
  8614 | D:8      | Killed a cyclops
  8615 | D:8      | Reached skill level 5 in Fighting
  8615 | D:8      | Reached skill level 8 in Short Blades
  8615 | D:8      | Noticed an efreet
  8633 | D:8      | Killed a yaktaur
  8634 | D:8      | Gained mutation: You have a pair of large horns on your
                  | head. [demonic ancestry]
  8634 | D:8      | Reached XP level 10. HP: 12/74 MP: 1/10
  9039 | D:8      | Noticed a cyclops
  9046 | D:8      | Killed a cyclops
  9051 | D:8      | Got the Compendium of Clay and Weightlessness
  9091 | D:8      | Noticed a deep elf pyromancer
  9103 | D:8      | Killed a deep elf pyromancer
  9104 | D:8      | Reached skill level 5 in Shields
  9209 | D:8      | Noticed a skeletal warrior
  9506 | D:8      | HP: 3/74 [something (6)]
  9515 | D:8      | Slain by an unseen horror

Illustrated notes

Levels and vault maps discovered:
D:1:      ncdulo_smallfort, layout_loops_cross
D:2:      layout_loops_corners, serial_shops, nicolae_lakefront_shop
D:3:      layout_loops_corners, ebering_ghost_reflecting_pool,
          ebering_ecumenical_altar_sacrificial, kennysheep_minor_cross,
          uniq_sigmund
D:4:      layout_rooms, cheibrodos_sewer_entry_sluice,
          eino_small_chamber_without_monster
D:5:      layout_cave_pools, kennysheep_ying_yang, minmay_temple_entry_trees
D:6:      layout_loops_corners, lemuel_doored_altar,
          mainiacjoe_overflow_catwalk, serial_shops, nicolae_shop_behind_doors,
          minmay_fountain_box, uniq_edmund
D:7:      minmay_general_purpose_star, layout_basic,
          chequers_serial_rivers_micro_b
D:8:      layout_loops_ring, minmay_misc_feat_chi, nicolae_elemental_shop,
          minmay_the_grid_2x2 [minmay_the_grid_minigrid_large,
          minmay_the_grid_plusring, minmay_the_grid_broken_lines,
          minmay_the_grid_prize_four_corners], uniq_erica, uniq_psyche
D:9:      layout_basic, old_standard_altar, serial_shops,
          nicolae_shop_hallway_plus, nicolae_shop_crystal, shop, shop
Temple:   zaba_magenta_temple

Skill      XL: |  1  2  3  4  5  6  7  8  9 10 |
---------------+-------------------------------+-----
Axes           | 2 |  2.2
Armour         | 3 4 5 6 7 |  7.1
Shields        | 3 4 5 |  5.0
Short Blades   | 1 2 4 5 6 8 |  8.7
Dodging        | 1 2 |  2.9
Fighting       | 4 5 |  5.3
Stealth        | 1 2 |  2.2
Throwing       | 1 |  1.7
Evocations     | 2 4 |  4.9

Action                   |  1- 3 |  4- 6 |  7- 9 | 10-12 || total
-------------------------+-------+-------+-------+-------++-------
Melee: War axe           |    46 |       |       |       ||    46
       Headbutt          |     5 |    16 |    74 |    17 ||   112
       Short sword       |    31 |   137 |   352 |    73 ||   593
Throw: Boomerang         |     2 |       |       |       ||     2
       Dart              |       |     2 |    13 |       ||    15
Invok: Lunge             |       |       |    30 |     6 ||    36
       Whirlwind         |       |       |     7 |     2 ||     9
 Abil: Wall Jump         |       |       |       |     6 ||     6
Evoke: Wand              |       |       |       |     2 ||     2
  Use: Potion            |       |     4 |     2 |     2 ||     8
       Scroll            |       |    17 |     7 |     3 ||    27
 Stab: Distracted        |       |       |     3 |     1 ||     4
Armor: Scale mail        |    68 |    89 |    42 |       ||   199
       Chain mail        |       |       |    84 |    55 ||   139
Dodge: Dodged            |    54 |    64 |    80 |    12 ||   210
Block: Buckler           |    18 |    28 |    54 |    13 ||   113

Table legend: (Time is in decaauts)
 A = Elapsed time spent in this place.
 B = Non-inter-level travel time spent in this place.
 C = Inter-level travel time spent in this place.
 D = Time resting spent in this place.
 E = Time spent auto-exploring this place.
 F = Levels seen in this place.
 G = Mean time per level.
                   A        B        C        D        E       F      G
               +--------+--------+--------+--------+--------+-----+--------+
         Total |   9554 |   9328 |    226 |   1102 |   5431 |  11 |  868.5 |
       Dungeon |   9232 |   9006 |    226 |   1102 |   5288 |   9 | 1025.8 |
        Temple |     93 |     93 |      0 |      0 |     40 |   1 |   93.0 |
         Sewer |    228 |    228 |      0 |      0 |    103 |   1 |  228.0 |
               +--------+--------+--------+--------+--------+-----+--------+

Top non-repeatable levels by time:
     D:8: 1591 daAuts
     D:6: 1464 daAuts
     D:3: 1403 daAuts
     D:2: 1337 daAuts
     D:7: 1042 daAuts
     D:1: 970 daAuts
     D:5: 804 daAuts
     D:4: 458 daAuts
   Sewer: 228 daAuts
     D:9: 159 daAuts
  Temple: 93 daAuts
